 Dungeon Crawl Stone Soup version 0.21-a0-349-g0c35859 (webtiles) character file.

44 HeySoSerious the Ruffian (level 3, -3/28 HPs)
             Began as a Demonspawn Gladiator on Oct 7, 2017.
             Slain by Sigmund
             ... wielding a cursed -2 scythe
              (5 damage)
             ... on level 2 of the Dungeon.
             The game lasted 00:03:40 (1670 turns).

HeySoSerious the Ruffian (Demonspawn Gladiator)     Turns: 1670, Time: 00:03:40

Health: -3/28      AC:  3    Str: 15    XL:     3   Next: 39%
Magic:  3/3        EV: 12    Int:  9    God:
Gold:   54         SH:  0    Dex: 14    Spells: 2/2 levels left

rFire    . . .     SeeInvis .     - Unarmed
rCold    . . .     Gourm    .   (no shield)
rNeg     . . .     Faith    .   a - +0 leather armour
rPois    .         Spirit   .   (helmet restricted)
rElec    .         Reflect  .   (no cloak)
rCorr    .         Harm     .   (no gloves)
MR       .....                  (no boots)
Stlth    +.........             (no amulet)
HPRegen  0.09/turn              (no ring)
MPRegen  0.08/turn              (no ring)

@: no status effects
A: antennae 1, demonic guardian 1
a: no special abilities


You were on level 2 of the Dungeon.
You were hungry.

You visited 1 branch of the dungeon, and saw 2 of its levels.

You collected 54 gold pieces.

Inventory:

Missiles
 c - 3 throwing nets (quivered)
Armour
 a - a +0 leather armour (worn)
 b - a +0 helmet
Jewellery
 i - an uncursed ring of protection from cold {unknown}
Scrolls
 e - a scroll of remove curse {unknown}
 f - a scroll of fear {unknown}
 h - a scroll of fog {unknown}
 j - 3 scrolls of teleportation {unknown}
 k - 2 scrolls of blinking {unknown}
 l - a scroll of enchant weapon {unknown}
 n - 2 scrolls of recharging {unknown}
 s - a scroll of identify {unknown}
Potions
 m - 2 potions of cancellation {unknown}
 o - a potion of lignification {unknown}
 q - a potion of curing {unknown}
 r - a potion of might {unknown}
Comestibles
 d - a bread ration
 g - a meat ration
 p - 3 chunks of flesh


   Skills:
 * Level 2.3 Fighting
 - Level 1.7 Throwing
 + Level 0.4 Armour
 - Level 2.6 Dodging
 * Level 3.8 Unarmed Combat


You had 2 spell levels left.
You didn't know any spells.

Dungeon Overview and Level Annotations

Branches:
Dungeon (2/15)

Altars:

Annotations:
D:2 Sigmund


Innate Abilities, Weirdness & Mutations

You have a pair of small antennae on your head.
A weak demonic guardian rushes to your aid.


Message History

Sigmund is lightly wounded.
You hit Sigmund but do no damage.
Sigmund is lightly wounded.
Sigmund points at you and mumbles some strange words.
The puff of flame hits you!
You closely miss Sigmund. You punch Sigmund.
Sigmund is lightly wounded.
Sigmund gestures wildly while chanting.
Sigmund flickers and vanishes!
Deactivating autopickup; reactivate with Ctrl-A.
No target in view!
No target in view!
You swap places.
Something hits you but does no damage.
You swap places.
Something hits you! Something hits you!
* * * LOW HITPOINT WARNING * * *
You closely miss something.
You are feeling hungry.
You closely miss something. Something hits you.
You die...

............. #..# ######.##.###
#..# ........... ###..#
#######.... ..... #.... ...#
##.... ... ..# .########.....
...##+ #{# ..........##..
#.#.###.....##@# ######.#.##..
#.#.#.....<...5# # ####.#.##..
#.#.+..........##.# #....#.##..
#.#.#.............# #....#.##..
###.#.#..........#....#..........
#.....#..........#....###..#.....
#.#...................# #........
..............[...##+####.##.##..
###.###...........##.###.........


You could see a friendly ufetubus.

Vanquished Creatures
  An adder (D:2)
  A dart slug (D:1)
  A ball python (D:1)
  A giant cockroach (D:1)
  7 goblins
  3 jackals (D:1)
  7 kobolds
  4 bats
  2 frilled lizards
  4 rats
31 creatures vanquished.

Notes
Turn   | Place    | Note
-------+----------+-------------------------------------------
     0 | D:1      | HeySoSerious the Demonspawn Gladiator began the quest for the Orb.
     0 | D:1      | Reached XP level 1. HP: 16/16 MP: 1/1
    99 | D:1      | Reached skill level 3 in Unarmed Combat
   168 | D:1      | Gained mutation: A weak demonic guardian rushes to your aid. [demonic ancestry]
   168 | D:1      | Reached XP level 2. HP: 15/22 MP: 2/2
  1395 | D:2      | Gained mutation: You have a pair of small antennae on your head. [demonic ancestry]
  1395 | D:2      | Reached XP level 3. HP: 20/27 MP: 3/3
  1657 | D:2      | Noticed Sigmund
  1670 | D:2      | Slain by Sigmund

Vault maps used:
D:1:      kilobyte_arrival_exit_the_forest
D:2:      nemelex_altar_shiori, uniq_sigmund

Skill      XL: |  1 |
---------------+----+-----
Unarmed Combat | 3 |  3.8
Fighting       | |  2.3
Throwing       | |  1.7
Armour         | |  0.4
Dodging        | |  2.6

Action                   || total
-------------------------++-------
Melee: Unarmed           ||   141
       Punch             ||     2
  Eat: Chunk             ||     2
Armor: Leather armour    ||    33
Dodge: Dodged            ||    74

Table legend:
 A = Spawn XP
 B = Non-spawn XP
 C = Spawn XP percentage of total XP
 D = Spawn monster count
 E = Non-spawn monster count
 F = Spawn count percentage of total count
 G = Total turns spent on level
                    A         B        C        D         E        F      G
               +---------+---------+-------+---------+---------+-------+---------
         Total |       0 |      63 |   0.0 |       0 |      31 |   0.0 |  1670
               +---------+---------+-------+---------+---------+-------+---------
           D:1 |       0 |      36 |   0.0 |       0 |      21 |   0.0 |  1358
           D:2 |       0 |      27 |   0.0 |       0 |      10 |   0.0 |   312
               +---------+---------+-------+---------+---------+-------+---------
